 Dungeon Crawl Stone Soup version 0.26-a0-519-gb2f46ef (webtiles) character file.

Game seed: 9063725719272572779

53 MrTaco21 the Cudgeler (level 3, 0/23 HPs)
             Began as a Gargoyle Fighter on Aug 11, 2020.
             Slain by an adder (2 damage)
             ... on level 1 of the Dungeon.
             The game lasted 00:01:29 (1298 turns).

MrTaco21 the Cudgeler (Gargoyle Fighter)            Turns: 1298, Time: 00:01:29

Health: 0/23       AC: 10    Str: 20    XL:     3   Next: 87%
Magic:  3/3        EV:  7    Int:  8    God:
Gold:   17         SH:  9    Dex:  9    Spells: 2/2 levels left

rFire    . . .     SeeInvis .   a - +0 flail
rCold    . . .     Faith    .   c - +0 kite shield
rNeg     + . .     Spirit   .   b - +0 scale mail
rPois    ∞         Reflect  .   (no helmet)
rElec    +         Harm     .   (no cloak)
rCorr    .                      (no gloves)
MR       .....                  (no boots)
Stlth    ..........             (no amulet)
HPRegen  0.07/turn              (no ring)
MPRegen  0.08/turn              (no ring)

@: no status effects
A: negative energy resistance 1, electricity resistance, unbreathing,
petrification resistance, rot immunity, AC +3
a: no special abilities


You were on level 1 of the Dungeon.
You visited 1 branch of the dungeon, and saw 2 of its levels.

You collected 17 gold pieces.

Inventory:

Hand Weapons
 a - a +0 flail (weapon)
Armour
 b - a +0 scale mail (worn)
 c - a +0 kite shield (worn)
Scrolls
 g - a scroll of identify {unknown}
Potions
 d - a potion of might
 e - a potion of lignification {unknown}
 f - 3 potions of curing {unknown}


   Skills:
 - Level 3.2 Fighting
 + Level 4.1 Maces & Flails
 - Level 3.2 Armour
 - Level 3.2 Shields


You had 2 spell levels left.
You didn't know any spells.
Your spell library was empty.

Dungeon Overview and Level Annotations

Branches:
Dungeon (2/15)

Altars:


Innate Abilities, Weirdness & Mutations

You are resistant to torment.
Your stone body is resilient. (AC +3)
You are immune to poison.
You resist negative energy. (rN+)
You are resistant to electric shocks. (rElec)
You can survive without breathing.
You are immune to petrification.
You are immune to rotting.


Message History

The kobold barely misses you.
You miss the adder. You block the adder's attack.
The dart slug launches a dart at you.
The slug dart hits you but does no damage.
The worm bites you!
* * * LOW HITPOINT WARNING * * *
The adder bites you but does no damage. You block the kobold's attack.
The adder bites you but does no damage.
You closely miss the adder. You block the adder's attack. The adder bites you.
* * * LOW HITPOINT WARNING * * *
You hit the adder. The adder bites you but does no damage. The adder bites you.
* * * LOW HITPOINT WARNING * * *
You closely miss the adder. You block the adder's attack.
The adder bites you but does no damage.
Unknown command.
You miss the adder. The adder barely misses you.
Unknown command.
You hit the adder.
You kill the adder!
Your Maces & Flails skill increases to level 4!
An adder comes into view.
The adder hisses angrily.
The adder bites you but does no damage. The adder bites you but does no damage.
You see here a short sword.
You block the adder's attack.
There is a stone staircase leading up here.
You block the adder's attack.
You climb upwards.
There is a stone staircase leading down here.
You hit the adder but do no damage. The adder barely misses you.
The adder bites you but does no damage.
You miss the adder.
The adder bites you but does no damage. x2
You barely miss the adder. You block the adder's attack.
You completely miss the adder. The adder closely misses you.
You block the adder's attack.
Unknown command.
Your scale mail prevents you from hitting the adder.
The adder bites you.
* * * LOW HITPOINT WARNING * * *
You block the adder's attack.
You miss the adder. The adder bites you.
* * * LOW HITPOINT WARNING * * *
You hit the adder. You block the adder's attack.
The adder bites you but does no damage.
You hit the adder. You block the adder's attack.
You closely miss the adder. You block the adder's attack. x2
You closely miss the adder. The adder barely misses you.
You barely miss the adder. You block the adder's attack. The adder bites you.
You die...

###.......## ##.....#
##.........####...##†#
.'.........'.......#.#####
##.........####..........#
##.......## ##..#..###.#
##.....## #..#..# #.#
##...## #..#..###.# ##+##
#.S.......# #.#
#@....##### #.# ####.##
##.## #.# ##...## #.#
##.....# #(#
#......##########.#
###............)....#
.....###.############
####.....#


You could see an adder.

Vanquished Creatures
  2 adders (D:2)
  2 dart slugs (D:1)
  A leopard gecko (D:1)
  4 bats
  A giant cockroach (D:1)
  5 hobgoblins
  A ball python (D:1)
  4 goblins (D:1)
  2 kobolds (D:1)
  11 rats
33 creatures vanquished.

Notes
Turn   | Place    | Note
-------+----------+-------------------------------------------
     0 | D:1      | MrTaco21 the Gargoyle Fighter began the quest for the Orb.
     0 | D:1      | Reached XP level 1. HP: 14/14 MP: 1/1
   146 | D:1      | Reached XP level 2. HP: 19/19 MP: 2/2
   382 | D:1      | Reached skill level 3 in Maces & Flails
   670 | D:1      | Reached XP level 3. HP: 23/23 MP: 3/3
  1274 | D:2      | Reached skill level 4 in Maces & Flails
  1298 | D:1      | Slain by an adder

Illustrated notes

Levels and vault maps discovered:
D:1:      dpeg_arrival_windows_large_door, layout_loops_corners
D:2:      layout_rooms, makhleb_altar_promises_db, nicolae_gozag_seed_capital

Skill      XL: |  1  2  3 |
---------------+----------+-----
Maces & Flails | 3 4 |  4.1
Fighting       | |  3.2
Armour         | |  3.2
Shields        | |  3.2

Action                   || total
-------------------------++-------
Melee: Flail             ||   154
Armor: Scale mail        ||   129
Dodge: Dodged            ||    64
Block: Kite shield       ||   111

Table legend: (Time is in decaauts)
 A = Elapsed time spent in this place.
 B = Non-inter-level travel time spent in this place.
 C = Inter-level travel time spent in this place.
 D = Time resting spent in this place.
 E = Time spent auto-exploring this place.
 F = Levels seen in this place.
 G = Mean time per level.
                   A        B        C        D        E       F      G
               +--------+--------+--------+--------+--------+-----+--------+
         Total |   1345 |   1282 |     63 |      0 |    961 |   2 |  672.5 |
       Dungeon |   1345 |   1282 |     63 |      0 |    961 |   2 |  672.5 |
               +--------+--------+--------+--------+--------+-----+--------+

Top non-repeatable levels by time:
     D:1: 1193 daAuts
     D:2: 152 daAuts
